 Dungeon Crawl Stone Soup version 0.20-a0-331-g5b3579f (webtiles) character file.

57 Havercy the Poker (level 3, -4/27 HPs)
             Began as a Mummy Gladiator on Dec 21, 2016.
             Killed from afar by Natasha (16 damage)
             ... with a wand of flame (?/48)
             ... on level 2 of the Dungeon.
             The game lasted 00:00:59 (1364 turns).

Havercy the Poker (Mummy Gladiator)                 Turns: 1364, Time: 00:01:00

Health: -4/27      AC:  4    Str: 19    XL:     3   Next: 73%
Magic:  3/3        EV: 12    Int:  7    God:
Gold:   143        SH:  0    Dex: 12    Spells: 2/2 levels left

rFire  x . .     SeeInvis .     f - +0 spear (pierce)
rCold  + . .     Gourm    .     b - +0 leather armour
rNeg   + + +     Faith    .     (no shield)
rPois  ∞         Spirit   .     c - +0 helmet
rElec  .         Reflect  .     (no cloak)
rCorr  .         Harm     .     (no gloves)
MR     .....                    (no boots)
Stlth  +.........               (no amulet)
                                (no ring)
                                (no ring)

@: no status effects
A: no food or potions, fire vulnerability, cold resistance 1, negative energy
resistance 3, torment resistance, unbreathing
a: no special abilities


You were on level 2 of the Dungeon.
You were not hungry.

You visited 1 branch of the dungeon, and saw 2 of its levels.

You collected 143 gold pieces.

Inventory:

Hand Weapons
 a - a +0 trident
 f - a +0 spear of piercing (weapon)
Missiles
 d - 3 throwing nets (quivered)
Armour
 b - a +0 leather armour (worn)
 c - a +0 helmet (worn)
Scrolls
 e - 2 scrolls of enchant weapon {unknown}
 g - a scroll of recharging {unknown}
 h - a scroll of identify {unknown}
 i - a scroll of immolation {unknown}


   Skills:
 + Level 2.1 Fighting
 * Level 3.6 Polearms
 - Level 1.5 Throwing
 + Level 2.7 Dodging


You had 2 spell levels left.
You didn't know any spells.

Dungeon Overview and Level Annotations

Branches:
Dungeon (2/15)

Altars:
Fedhas
Makhleb

Annotations:
D:2 1 runed door, Natasha


Innate Abilities, Weirdness & Mutations

You do not eat or drink.
Your flesh is vulnerable to fire.
You are immune to poison.
Your flesh is cold resistant. (rC+)
You are immune to negative energy. (rN+++)
You are immune to unholy pain and torment.
You can survive without breathing.


Message History

Natasha is nearby!
Found a burning altar of Makhleb.
Attack whom?
Press: ? - help, Dir - move target cursor, f - Natasha
Aim: Natasha You reach to attack!
You hit Natasha.
Natasha is moderately wounded.
Natasha zaps a wand.
The puff of flame hits you! The fire burns you terribly!
Ouch! That really hurt!
It is a wand of flame (?/48).
Attack whom?
Press: ? - help, Dir - move target cursor, f/p - Natasha
Aim: Natasha, carrying a wand of flame (?/48) {zapped: 1} (moderately wounded)
You reach to attack!
You hit Natasha but do no damage.
Natasha is moderately wounded.
You barely miss Natasha.
Natasha is moderately wounded.
Natasha zaps a wand.
The puff of flame hits you! The fire burns you terribly!
Ouch! That really hurt!
You die...

####'####### .##.
######........... ._#.
#................ ##..
#................
#..###.....###+#######
#..........# ##.
###.........## ##..
............# #...
......h@....# #...
............# #...
.........$..# ##..
............# ##.
.........#### ##
.........# .........#
.........#


You could see Natasha.

Vanquished Creatures
  2 adders (D:2)
  A worm (D:2)
  2 dart slugs
  A leopard gecko (D:1)
  2 bats
  A giant cockroach (D:2)
  5 goblins
  3 hobgoblins (D:1)
  4 jackals (D:2)
  4 kobolds
  3 frilled lizards
  A rat (D:2)
29 creatures vanquished.

Notes
Turn   | Place    | Note
-------+----------+-------------------------------------------
     0 | D:1      | Havercy the Mummy Gladiator began the quest for the Orb.
     0 | D:1      | Reached XP level 1. HP: 16/16 MP: 1/1
   477 | D:1      | Reached XP level 2. HP: 22/22 MP: 2/2
   674 | D:2      | Found a blossoming altar of Fedhas.
   769 | D:2      | Found a runed door.
   795 | D:2      | Reached skill level 3 in Polearms
   888 | D:2      | Reached XP level 3. HP: 20/27 MP: 3/3
  1359 | D:2      | Noticed Natasha
  1360 | D:2      | Found a burning altar of Makhleb.
  1364 | D:2      | Killed from afar by Natasha

Vault maps used:
D:1:      shiori_shiawase, minmay_crystal_room
D:2:      kennysheep_six_static_rooms, lemuel_coloured_pillars_altar,
          nicolae_overflow_hidden_temple, minivault_5, hex_intersection,
          fedhas_altar_2, uniq_natasha, uniq_crazy_yiuf_cottage

Skill      XL: |  1  2 |
---------------+-------+-----
Polearms       | 3 |  3.6
Fighting       | |  2.1
Throwing       | |  1.5
Dodging        | |  2.7

Action                   || total
-------------------------++-------
Melee: Spear             ||    88
       Trident           ||     1
Armor: Leather armour    ||    17
Dodge: Dodged            ||    41
